BSA
KANSAS CITY KINGS @ JERSEY SHORE D-BAGS
03/25/2029
 
TOP OF THE 1ST
Kansas City Kings batting - Pitching for Jersey Shore D-Bags : RHP Roland Martin
Pitching: RHP Roland Martin
Batting: SHB Douglas Taylor 0-0: Ball
1-0: SINGLE (Groundball, 34D)
Batting: RHB Cy Keynes 0-0: Foul Ball, location: 2F
0-1: Ball
1-1: Ball
2-1: Grounds into double play, 6-4-3 (Groundball, 6)
Batting: RHB Chris Chandler 0-0: Ball
1-0: Ball
2-0: Ball
3-0: Called Strike
3-1: Called Strike
3-2: Ground out 6-3 (Groundball, 56)
Top of the 1st over - 0 runs, 1 hit, 0 errors, 0 left on base; Kansas City 0 - Jersey Shore 0
BOTTOM OF THE 1ST
Jersey Shore D-Bags batting - Pitching for Kansas City Kings : LHP Francisco Morales
Pitching: LHP Francisco Morales
Batting: RHB Ricardo González 0-0: Ball
1-0: Ball
2-0: Foul Ball, location: 2F
2-1: Ball
3-1: Base on Balls
Batting: LHB Juan Hernández 0-0: Ball
1-0: Fielders Choice at 2nd, 4-6 (Groundball, 4)
Batting: RHB Ben Morton 0-0: Ball
1-0: Ball
2-0: Foul Ball, location: 2F
2-1: Called Strike
2-2: Grounds into double play, 6-4-3 (Groundball, 6)
Bottom of the 1st over - 0 runs, 0 hits, 0 errors, 0 left on base; Kansas City 0 - Jersey Shore 0
TOP OF THE 2ND
Kansas City Kings batting - Pitching for Jersey Shore D-Bags : RHP Roland Martin
Batting: LHB Ron Crawford 0-0: Ball
1-0: Ball
2-0: Called Strike
2-1: Ball
3-1: Base on Balls
Batting: LHB Greg Schultz 0-0: Swinging Strike
0-1: Foul Ball, location: 2F
0-2: Ball
1-2: Ball
2-2: Strikes out swinging
Batting: RHB Dave Parker 0-0: Called Strike
0-1: Ball
1-1: Ball
2-1: Called Strike
2-2: Ball
3-2: SINGLE (Flyball, 7LS)
Ron Crawford to second
Pitching: LHP Gerald Johnson
Batting: LHB Luis González 0-0: Called Strike
Dave Parker steals 2nd base
Ron Crawford to third
0-1: Ground out 6-3 (Groundball, 6)
Ron Crawford scores
Batting: LHB Howard Lambert 0-0: Called Strike
0-1: Ball
1-1: Ball
2-1: Foul Ball, location: 2F
2-2: Strikes out swinging
Top of the 2nd over - 1 run, 1 hit, 0 errors, 1 left on base; Kansas City 1 - Jersey Shore 0
BOTTOM OF THE 2ND
Jersey Shore D-Bags batting - Pitching for Kansas City Kings : LHP Francisco Morales
Batting: RHB Miguel Serna 0-0: Ball
1-0: Called Strike
1-1: Swinging Strike
1-2: Foul Ball, location: 2F
1-2: Foul Ball, location: 2F
1-2: Strikes out swinging
Batting: RHB Pat Fullerton 0-0: Foul Ball, location: 2F
0-1: Ball
1-1: Called Strike
1-2: Ball
2-2: Ball
3-2: Fly out, F7 (Flyball, 7)
Batting: RHB Mike Ingram 0-0: Called Strike
0-1: Ball
1-1: Ball
2-1: Ball
3-1: Base on Balls
Batting: LHB Marcos Villarreal 0-0: Ball
1-0: Called Strike
1-1: Ball
2-1: Called Strike
2-2: SINGLE (Line Drive, 56)
Mike Ingram to second
Runner from 2nd tries for 3rd, OUT!
Bottom of the 2nd over - 0 runs, 1 hit, 0 errors, 1 left on base; Kansas City 1 - Jersey Shore 0
TOP OF THE 3RD
Kansas City Kings batting - Pitching for Jersey Shore D-Bags : LHP Gerald Johnson
Batting: RHB Oliver Lugo 0-0: Called Strike
0-1: Ball
1-1: Bunt for hit - play at first, batter safe!
Batting: SHB Douglas Taylor 0-0: DOUBLE (Line Drive, 8LD)
Oliver Lugo to third
Batting: RHB Cy Keynes 0-0: Ball
1-0: SINGLE (Groundball, 34S) (infield hit)
Oliver Lugo scores
Douglas Taylor to third
Batting: RHB Chris Chandler 0-0: Swinging Strike
0-1: Swinging Strike
0-2: Ball
1-2: Foul Ball, location: 2F
1-2: Ball
2-2: Ball
3-2: SINGLE (Line Drive, 78S)
Douglas Taylor scores
Cy Keynes to second
Batting: LHB Ron Crawford 0-0: Swinging Strike
0-1: Foul Ball, location: 2F
0-2: Ball
1-2: Ball
2-2: Foul Ball, location: 2F
2-2: Foul Ball, location: 2F
2-2: Foul Ball, location: 2F
2-2: DOUBLE (Line Drive, 89M)
Cy Keynes scores
Chris Chandler to third
Batting: LHB Greg Schultz 0-0: Ball
1-0: Foul Ball, location: 2F
1-1: Foul Ball, location: 2F
1-2: Ball
2-2: SINGLE (Groundball, 4MD)
Chris Chandler scores
Ron Crawford to third
Runner from 3rd tries for Home, SAFE, throw made home
Greg Schultz to second
Pitching: LHP Aaron Gibbs
Batting: RHB Dave Parker 0-0: SINGLE (Groundball, 34D)
Greg Schultz to third
Runner from 3rd tries for Home, SAFE, throw made home
Batting: LHB Luis González 0-0: Ball
1-0: Called Strike
1-1: Called Strike
1-2: Strikes out swinging
Batting: LHB Howard Lambert 0-0: Foul Ball, location: 2F
0-1: Ball
1-1: Ball
2-1: Ball
3-1: Ground out 5-3 (Groundball, 56S)
Dave Parker to second
Batting: RHB Oliver Lugo 0-0: Foul Ball, location: 2F
0-1: Ball
1-1: Foul Ball, location: 2F
1-2: Strikes out swinging
Top of the 3rd over - 6 runs, 7 hits, 0 errors, 1 left on base; Kansas City 7 - Jersey Shore 0
BOTTOM OF THE 3RD
Jersey Shore D-Bags batting - Pitching for Kansas City Kings : LHP Francisco Morales
Batting: RHB Tetsunori Ito 0-0: Swinging Strike
0-1: Foul Ball, location: 2F
0-2: Ball
1-2: Strikes out looking
Batting: RHB Greg Lee 0-0: DOUBLE (Line Drive, 7LS)
Batting: RHB Ricardo González 0-0: Called Strike
0-1: Ball
1-1: Foul Ball, location: 2F
1-2: Foul Ball, location: 2F
1-2: Ball
2-2: Foul Ball, location: 2F
2-2: SINGLE (Groundball, 34D)
Greg Lee to third
Runner from 3rd tries for Home, SAFE, throw made home
Batting: LHB Juan Hernández 0-0: Called Strike
0-1: Foul Ball, location: 2F
0-2: Ball
1-2: Ball
2-2: Strikes out looking
Batting: RHB Ben Morton 0-0: Called Strike
0-1: Swinging Strike
0-2: Ball
1-2: DOUBLE (Line Drive, 78D)
Ricardo González to third
Runner from 3rd tries for Home, SAFE, no throw
Batting: RHB Miguel Serna 0-0: Ball
1-0: Called Strike
1-1: Foul Ball, location: 2F
1-2: Fly out, F7 (Flyball, 7S)
Bottom of the 3rd over - 2 runs, 3 hits, 0 errors, 1 left on base; Kansas City 7 - Jersey Shore 2
TOP OF THE 4TH
Kansas City Kings batting - Pitching for Jersey Shore D-Bags : LHP Aaron Gibbs
Batting: SHB Douglas Taylor 0-0: Ball
1-0: Foul Ball, location: 2F
1-1: Ball
2-1: Called Strike
2-2: Foul Ball, location: 2F
2-2: Foul Ball, location: 2F
2-2: Ball
3-2: Foul Ball, location: 2F
3-2: Ground out U3 (Groundball, 3)
Batting: RHB Cy Keynes 0-0: Foul Ball, location: 2F
0-1: Ball
1-1: Ground out 4-3 (Groundball, 4)
Batting: RHB Chris Chandler 0-0: Ground out 6-3 (Groundball, 6)
Top of the 4th over - 0 runs, 0 hits, 0 errors, 0 left on base; Kansas City 7 - Jersey Shore 2
BOTTOM OF THE 4TH
Jersey Shore D-Bags batting - Pitching for Kansas City Kings : LHP Francisco Morales
Batting: RHB Pat Fullerton 0-0: Ball
1-0: Ball
2-0: Foul Ball, location: 2F
2-1: SINGLE (Groundball, 4MD)
Batting: RHB Mike Ingram 0-0: Called Strike
0-1: Ball
1-1: Reached on error, E3 (Groundball, 34)
Pat Fullerton to second
Batting: LHB Marcos Villarreal 0-0: Foul Ball, location: 2F
0-1: Ball
1-1: Ball
2-1: Grounds into double play, 5-4-3 (Groundball, 56)
Pat Fullerton to third
Batting: RHB Tetsunori Ito 0-0: Called Strike
0-1: Called Strike
0-2: Strikes out swinging
Bottom of the 4th over - 0 runs, 1 hit, 1 error, 1 left on base; Kansas City 7 - Jersey Shore 2
TOP OF THE 5TH
Kansas City Kings batting - Pitching for Jersey Shore D-Bags : LHP Aaron Gibbs
Batting: LHB Ron Crawford 0-0: Ball
1-0: Ball
2-0: SINGLE (Groundball, 56D)
Batting: LHB Greg Schultz 0-0: Foul Ball, location: 2F
0-1: Ball
1-1: Grounds into double play, 4-6-3 (Groundball, 34)
Batting: RHB Dave Parker 0-0: Ball
1-0: Called Strike
1-1: Ball
2-1: Foul Ball, location: 2F
2-2: Strikes out looking
Top of the 5th over - 0 runs, 1 hit, 0 errors, 0 left on base; Kansas City 7 - Jersey Shore 2
BOTTOM OF THE 5TH
Jersey Shore D-Bags batting - Pitching for Kansas City Kings : LHP Francisco Morales
Pitching: RHP Soichiro Ikeda
Batting: RHB Greg Lee 0-0: Called Strike
0-1: Ball
1-1: Ball
2-1: Foul Ball, location: 2F
2-2: Ball
3-2: Foul Ball, location: 2F
3-2: Base on Balls
Batting: RHB Ricardo González 0-0: Called Strike
0-1: Swinging Strike
0-2: Grounds into double play, 6-4-3 (Groundball, 6M)
Batting: LHB Juan Hernández 0-0: Ball
1-0: Called Strike
1-1: Fly out, F8 (Line Drive, 8LM)
Bottom of the 5th over - 0 runs, 0 hits, 0 errors, 0 left on base; Kansas City 7 - Jersey Shore 2
TOP OF THE 6TH
Kansas City Kings batting - Pitching for Jersey Shore D-Bags : LHP Aaron Gibbs
Batting: LHB Luis González 0-0: Called Strike
0-1: Ball
1-1: Fly out, F7 (Flyball, 7D)
Batting: LHB Howard Lambert 0-0: Called Strike
0-1: SINGLE (Line Drive, 9LS)
Batting: RHB Oliver Lugo 0-0: Ball
1-0: Ball
2-0: Called Strike
2-1: SINGLE (Flyball, 9LS)
Howard Lambert to second
Runner from 2nd tries for 3rd, SAFE, no throw
Pinch Hitting: RHB Gregg Nelson 0-0: Called Strike
0-1: Ball
1-1: Swinging Strike
1-2: DOUBLE (Line Drive, 9LM)
Howard Lambert scores
Oliver Lugo to third
Runner from 3rd tries for Home, SAFE, throw made at trailing runner, OUT at third!
Pinch Hitting: RHB Norm Francis 0-0: Ball
1-0: Called Strike
1-1: Swinging Strike
1-2: Strikes out swinging
Top of the 6th over - 2 runs, 3 hits, 0 errors, 0 left on base; Kansas City 9 - Jersey Shore 2
BOTTOM OF THE 6TH
Jersey Shore D-Bags batting - Pitching for Kansas City Kings : RHP Soichiro Ikeda
Now at 1B: Norm Francis
Now in CF: Manny Salazar
Batting: RHB Ben Morton 0-0: Fly out, F8 (Flyball, 8RD)
Batting: RHB Miguel Serna 0-0: Called Strike
0-1: Ball
1-1: DOUBLE (Line Drive, 3D)
Batting: RHB Pat Fullerton 0-0: Swinging Strike
0-1: Called Strike
0-2: Foul Ball, location: 2F
0-2: Ball
1-2: Strikes out swinging
Batting: RHB Mike Ingram 0-0: SINGLE (Groundball, 56S) (infield hit)
Miguel Serna to third
Batting: LHB Marcos Villarreal 0-0: Ball
1-0: Foul Ball, location: 2F
1-1: Swinging Strike
1-2: Ball
2-2: Foul Ball, location: 2F
2-2: Strikes out swinging
Bottom of the 6th over - 0 runs, 2 hits, 0 errors, 2 left on base; Kansas City 9 - Jersey Shore 2
TOP OF THE 7TH
Kansas City Kings batting - Pitching for Jersey Shore D-Bags : LHP Aaron Gibbs
Pitching: RHP Tom Cunningham
Pinch Hitting: LHB Michael Cook 0-0: Ball
1-0: Ball
2-0: Ball
3-0: Base on Balls
Pinch Hitting: SHB Jeff Chambers 0-0: Called Strike
0-1: Ball
1-1: Swinging Strike
1-2: Strikes out swinging
Batting: LHB Greg Schultz 0-0: Ball
1-0: Ball
2-0: Grounds into double play, 6-4-3 (Groundball, 56)
Top of the 7th over - 0 runs, 0 hits, 0 errors, 0 left on base; Kansas City 9 - Jersey Shore 2
BOTTOM OF THE 7TH
Jersey Shore D-Bags batting - Pitching for Kansas City Kings : RHP Soichiro Ikeda
Now at 1B: Jeff Chambers
Now in RF: Michael Cook
Batting: RHB Tetsunori Ito 0-0: Foul Ball, location: 2F
0-1: SINGLE (Groundball, 34D)
Batting: RHB Greg Lee 0-0: Ball
1-0: Foul Ball, location: 2F
1-1: Ball
2-1: Foul Ball, location: 2F
2-2: Ball
3-2: Foul Ball, location: 2F
3-2: Strikes out swinging
Tetsunori Ito steals 2nd base
Batter strikes out.
Batting: RHB Ricardo González 0-0: Ball
1-0: Ground out 6-3 (Groundball, 6)
Pinch Hitting: LHB António Cedeńo 0-0: Ball
1-0: Ball
2-0: Ball
3-0: Base on Balls
Batting: RHB Ben Morton 0-0: Fly out, F8 (Flyball, 8RM)
Bottom of the 7th over - 0 runs, 1 hit, 0 errors, 2 left on base; Kansas City 9 - Jersey Shore 2
TOP OF THE 8TH
Kansas City Kings batting - Pitching for Jersey Shore D-Bags : RHP Tom Cunningham
Now in CF: Lowie van den Bogaert
Pinch Hitting: LHB Jesús Bueno 0-0: SINGLE (Groundball, 4D)
Pinch Hitting: RHB Jon Krohne 0-0: Called Strike
0-1: Foul Ball, location: 2F
0-2: Ball
1-2: Fly out, F5 (Popup, 5SF)
Batting: RHB Tony Quinn 0-0: Called Strike
0-1: Grounds into double play, 5-4-3 (Groundball, 5L)
Top of the 8th over - 0 runs, 1 hit, 0 errors, 0 left on base; Kansas City 9 - Jersey Shore 2
BOTTOM OF THE 8TH
Jersey Shore D-Bags batting - Pitching for Kansas City Kings : RHP Soichiro Ikeda
Pitching: LHP Rob Lucas
Now at 3B: Jon Krohne
Now at SS: Mark Roy
Batting: RHB Miguel Serna 0-0: Ball
1-0: Swinging Strike
1-1: Ball
2-1: Foul Ball, location: 2F
2-2: Strikes out looking
Pinch Hitting: LHB Dave Dodd 0-0: Called Strike
0-1: Ball
1-1: SINGLE (Line Drive, 3D)
Pinch Hitting: LHB Albert Morgan 0-0: Ball
1-0: Called Strike
1-1: Foul Ball, location: 2F
1-2: Strikes out swinging
Batting: LHB Ed Murray 0-0: Ball
1-0: Ball
2-0: Ball
3-0: Called Strike
3-1: Base on Balls
Dave Dodd to second
Batting: RHB Tetsunori Ito 0-0: Called Strike
0-1: SINGLE (Groundball, 6MD)
Dave Dodd to third
Ed Murray to second
Runner from 3rd tries for Home, SAFE, no throw
Batting: RHB Greg Lee 0-0: Called Strike
0-1: Ground out U3 (Groundball, 3L)
Bottom of the 8th over - 1 run, 2 hits, 0 errors, 2 left on base; Kansas City 9 - Jersey Shore 3
TOP OF THE 9TH
Kansas City Kings batting - Pitching for Jersey Shore D-Bags : RHP Tom Cunningham
Now in LF: Dave Dodd
Now in RF: Albert Morgan
Batting: RHB Oliver Lugo 0-0: Called Strike
0-1: Ball
1-1: Ground out 4-3 (Groundball, 34D)
Batting: LHB Manny Salazar 0-0: Swinging Strike
0-1: Ball
1-1: Ball
2-1: Ball
3-1: Ground out 4-3 (Groundball, 34D)
Batting: RHB Norm Francis 0-0: Swinging Strike
0-1: Called Strike
0-2: Strikes out swinging
Top of the 9th over - 0 runs, 0 hits, 0 errors, 0 left on base; Kansas City 9 - Jersey Shore 3
BOTTOM OF THE 9TH
Jersey Shore D-Bags batting - Pitching for Kansas City Kings : LHP Rob Lucas
Batting: RHB Ricardo González 0-0: Ball
1-0: Ball
2-0: Ball
3-0: Base on Balls
Batting: RHB Lowie van den Bogaert 0-0: Ball
1-0: Foul Ball, location: 2F
1-1: Ball
2-1: Swinging Strike
2-2: Grounds into double play, 6-4-3 (Groundball, 6)
Batting: RHB Ben Morton 0-0: SOLO HOME RUN (Flyball, 9LD), Distance : 362 ft
Batting: RHB Miguel Serna 0-0: Foul Ball, location: 2F
0-1: Ball
1-1: Ball
2-1: Fly out, F7 (Flyball, 7S)
Bottom of the 9th over - 1 run, 1 hit, 0 errors, 0 left on base; Kansas City 9 - Jersey Shore 4
Saturday, December 16th, 2017 - OOTP Baseball 18.8 Build 76